Map: Ruins of Endion

Players

Mindele

  • Race: Terran Terran
  • League: Bronze

Racres - Winner!

  • Race: Protoss Protoss

VOD

Have the link to the VOD?

Description

Time

  • Played on: May 13, 2016, 9:05 p.m.
  • Length: 5:47
Show
View Real Time Build Order
Export as new Build Order

Mindele Terran 

Build Orders:  

Get SALT Encoding   

  12  0:02  SCV  
  13  0:14  SCV  
  14  0:19  Supply Depot  
  14  0:26  SCV  
  15  0:41  SCV  
  16  0:43  Barracks  
  16  0:53  SCV  
  16  0:54  Refinery  
  17  1:06  Supply Depot  
  17  1:07  SCV  
  18  1:19  SCV  
  18  1:25  Barracks  
  19  1:34  Orbital Command  
  19  1:50  Reaper  
  20  2:00  Barracks  
  20  2:01  SCV  
  21  2:14  Reaper  
  23  2:15  SCV  
  23  2:19  Refinery  
  23  2:27  Reaper, SCV  
  25  2:35  Barracks  
  25  2:39  SCV  
  26  2:49  Reaper  
  27  2:52  SCV  
  27  2:56  Reaper  
  29  3:04  SCV  
  29  3:07  Marine  
  30  3:16  SCV  
  31  3:22  Supply Depot  
  31  3:36  Marine x3  
  31  3:37  Marine  
  35  3:45  Barracks  
  35  3:48  Barracks  
  35  3:49  Supply Depot  
  35  3:51  Barracks  
  35  3:57  Marine, SCV  
  35  3:58  Marine x2  
  35  3:59  Marine  
  40  4:09  SCV  
  41  4:17  Reaper  
  41  4:18  Reaper  
  41  4:19  Marine x2  
  41  4:21  SCV  
  46  4:33  Marine, SCV  
  48  4:38  Marine  
  48  4:39  Marine  
  48  4:45  SCV  
  51  4:46  Supply Depot  
  51  4:48  Marine  
  52  4:53  Marine x2  
  52  4:54  Marine  
  55  5:08  SCV  
  55  5:09  Supply Depot, Marine  
  55  5:10  Marine  
  58  5:20  SCV  
Show
View Real Time Build Order
Export as new Build Order

Racres Protoss - Winner!

Build Orders:  

Get SALT Encoding   

  12  0:01  Probe (Chrono Boost)  
  13  0:11  Probe (Chrono Boost)  
  14  0:25  Pylon  
  14  0:31  Probe (Chrono Boost)  
  14  0:32  Assimilator  
  15  0:43  Probe (Chrono Boost)  
  15  0:49  Gateway  
  16  0:54  Probe (Chrono Boost)  
  17  1:04  Probe (Chrono Boost)  
  17  1:10  Gateway  
  18  1:15  Probe (Chrono Boost)  
  19  1:25  Pylon  
  19  1:26  Probe (Chrono Boost)  
  20  1:37  Probe (Chrono Boost)  
  21  1:42  Cybernetics Core  
  21  1:47  Probe (Chrono Boost)  
  22  1:58  Probe (Chrono Boost)  
  23  2:12  Nexus  
  23  2:13  Probe (Chrono Boost)  
  24  2:26  Mothership Core (Chrono Boost)  
  24  2:27  Stalker  
  28  2:33  Stalker  
  30  2:45  Probe (Chrono Boost)  
  30  2:47  Pylon  
  30  2:49  Pylon  
  31  3:05  Probe (Chrono Boost), Stalker  
  34  3:16  Probe (Chrono Boost), Assimilator  
  34  3:17  Warp Gate  
  34  3:19  Stalker  
  37  3:26  Probe (Chrono Boost)  
  37  3:27  Probe (Chrono Boost)  
  39  3:35  Stalker  
  39  3:37  Probe x2 (Chrono Boost)  
  43  3:43  Pylon  
  43  3:46  Pylon  
  43  3:51  Pylon  
  43  3:53  Probe x2 (Chrono Boost)  
  45  3:58  Stalker  
  47  4:05  Stalker  
  47  4:09  Probe (Chrono Boost)  
  51  4:10  Probe (Chrono Boost)  
  51  4:32  Probe x2 (Chrono Boost)  
  53  4:42  Probe (Chrono Boost)  
  53  4:43  Probe (Chrono Boost)  
  53  4:44  Pylon  
  55  4:45  Assimilator  
  55  4:48  Pylon  
  55  4:50  Assimilator  
  55  4:52  Pylon  
  55  4:53  Probe x2 (Chrono Boost)  
  55  4:56  Stalker, Pylon  
  59  5:03  Probe (Chrono Boost)  
  60  5:07  Robotics Facility  
  60  5:13  Twilight Council, Stalker  
  62  5:15  Probe (Chrono Boost)  
  62  5:16  Probe (Chrono Boost)  
Tags
 
Add a new tag
Caveats
  • Supply blocks, unpowered buildings, or Contaminate may cause inaccurate times.
  • Supply counts are checked every 10 seconds.